 Dungeon Crawl Stone Soup version 0.30.0-29-ga12c61a403 (webtiles) character file.

Game seed: 4753936357558345153

4032 monsoonserge the Grappler (level 10, -2/141 HPs)
             Began as a Troll Fighter on June 17, 2023.
             Was a Believer of Ru.
             Slain by a killer bee (6 damage)
             ... on level 9 of the Dungeon.
             The game lasted 00:27:12 (7652 turns).

monsoonserge the Grappler (Troll Fighter)           Turns: 7652, Time: 00:27:12

Health: -2/141     AC:  5    Str: 28    XL:     10   Next: 4%
Magic:  9/9        EV:  9    Int:  4    God:    Ru [**....]
Gold:   780        SH:  8    Dex:  9    Spells: 9/9 levels left

rFire   + .          .
                       - Unarmed
rCold   . . .        b - +0 kite shield
rNeg    . . .        E - +0 robe
rPois   .            (helmet restricted)
rElec   .            I - +0 cloak {Will+}
rCorr   .            (gloves unavailable)
SInv    .            (boots unavailable)
Will    .....        (no amulet) Stlth
                     D - ring of protection from fire
HPRegen 1.23/turn    (no ring)
MPRegen 0.11/turn

%: no passive effects
@: mighty, berserking (expiring), lethally poisoned (-2 -> -14), very quick
A: large, unfitting armour, claws 3, regeneration 1, shaggy fur 1, tough skin 1,
weak 1, weak-willed 1
a: Renounce Religion


You were on level 9 of the Dungeon.
You worshipped Ru.
Ru was pleased with you.
You visited 2 branches of the dungeon, and saw 10 of its levels.
You also visited: Sewer and Ossuary.

You collected 780 gold pieces.

Inventory:

Hand Weapons
 a - the +8 sling "Meum" {drain, rN++ Str-3 Int+4}
   (You found it on level 6 of the Dungeon)

   Str:       It affects your strength (-3).
   Int:       It affects your intelligence (+4).
   rN:        It greatly protects you from negative energy.
Missiles
 t - 16 boomerangs (quivered)
 u - a throwing net
 H - 18 poisoned darts
Armour
 b - a +0 kite shield (worn)
 E - a +0 robe (worn)
 I - a +0 cloak of willpower (worn)
Jewellery
 q - a ring of wizardry
 w - a ring of fire
 D - a ring of protection from fire (left claw)
Wands
 y - a wand of flame (31)
Scrolls
 g - a scroll of fog {unknown}
 h - 5 scrolls of poison {unknown}
 k - 3 scrolls of fear
 l - 6 scrolls of enchant weapon
 m - 3 scrolls of teleportation
 p - a scroll of brand weapon {unknown}
 r - a scroll of noise {unknown}
 s - 3 scrolls of enchant armour
 v - 2 scrolls of magic mapping {unknown}
 C - 6 scrolls of amnesia {unknown}
 F - a scroll of immolation
 G - 2 scrolls of blinking
Potions
 d - 8 potions of curing
 e - 3 potions of cancellation {unknown}
 f - a potion of berserk rage
 i - 7 potions of heal wounds
 j - 5 potions of mutation
 n - a potion of attraction {unknown}
 o - 3 potions of haste
 x - 3 potions of magic
 z - a potion of resistance {unknown}
 A - 2 potions of invisibility
 B - a potion of flight {unknown}
 J - a potion of lignification {unknown}


   Skills:
 + Level 4.4 Fighting
 + Level 3.2 Ranged Weapons
 + Level 0.1 Throwing
 + Level 3.2 Dodging
 + Level 0.1 Stealth
 + Level 5.1 Shields
 * Level 11.7 Unarmed Combat


You had 9 spell levels left.
You didn't know any spells.
Your spell library contained the following spells:

 Spells                   Type           Power      Damage    Failure   Level
 Kiss of Death            Conj/Necr      0%         2d5       71%         1
 Ensorcelled Hibernation  Hex/Ice        0%         N/A       85%         2
 Confusing Touch          Hex            0%         N/A       97%         3
 Spider Form              Tmut/Pois      0%         N/A       97%         3
 Anguish                  Hex/Necr       0%         N/A       100%        4
 Dispel Undead            Necr           0%         3d6       100%        4


Dungeon Overview and Level Annotations

Branches:
Dungeon (9/15)             Temple (1/1) D:4            Lair (0/5) D:8
  Sewer (visited)         Ossuary (visited)
    Orc: D:9-12

Altars:
Ashenzari
Cheibriados
Dithmenos
Elyvilon
Fedhas
Gozag
Hepliaklqana
Kikubaaqudgha
Makhleb
Nemelex Xobeh
Okawaru
Qazlal
Ru
Sif Muna
Trog
Uskayaw
Vehumet
Wu Jian
Xom
Yredelemnul
Zin
The Shining One

Shops:
D:7 =   D:8 ?=

Annotations:
D:6 1 transporter, jurchenman's ghost, novice DEFE
D:7 1 runed translucent door, ppsocheesy's ghost, novice MiBe
D:9 1 runed translucent door, Cheops's ghost, novice AtEE


Innate Abilities, Weirdness & Mutations

You are too large for most types of armour.
You have claws for hands.
Your natural rate of healing is unusually fast.
You are covered in fur. (AC +1)
You have tough skin. (AC +1)
You are weak. (Str -2)
You are slightly weak-willed. (Will-)


Message History

You feel very sick. The killer bee completely misses you.
You block the killer bee's attack. x2
The killer bee stings you.
* * * LOW HITPOINT WARNING * * *
The killer bee closely misses you.
The killer bee stings you but does no damage.
You miss the killer bee.
You feel sick. The killer bee barely misses you. x2
The killer bee stings you.
* * * LOW HITPOINT WARNING * * *
You are more poisoned.
The killer bee poisons you!
You claw the killer bee!
The killer bee is severely wounded.
You feel very sick.
The killer bee closely misses you. x2; The killer bee stings you.
* * * LOW HITPOINT WARNING * * *
You are more poisoned.
The killer bee poisons you!
You mangle the killer bee!!
You kill the killer bee!
You feel very sick. The killer bee stings you.
* * * LOW HITPOINT WARNING * * *
You are more poisoned.
The killer bee poisons you!
Unknown command.
You closely miss the killer bee.
* * * LOW HITPOINT WARNING * * *
You feel very sick. You block the killer bee's attack.
The killer bee stings you.
* * * LOW HITPOINT WARNING * * *
The killer bee stings you.
* * * LOW HITPOINT WARNING * * *
Okay, then.
You miss the killer bee.
* * * LOW HITPOINT WARNING * * *
You feel very sick.
The killer bee stings you but does no damage.
The killer bee stings you.
You die...

#####################
.................... .
.............##...# ...
[.#####......##.yy#.....
..# §§#.........@y......
..# §W+...#.....########
.## §Z#...'.....#
..######..#.....# .....
##.#.....####
#########.###).....# #
#.......#...##.# #
#.......#)..# # #
#.......#)....


You could see 3 killer bees.

Vanquished Creatures
  Maurice (D:8)
  Eustachio (D:5)
  Duvessa (D:6)
  A sky beast (D:8)
  2 ice beasts
  2 black bears
  4 centaurs
  2 kobold brigands (D:8)
  4 phantoms
  2 bullfrogs
  2 scorpions (D:5)
  A wight (D:8)
  Dowan (D:6)
  12 killer bees
  2 electric eels (D:7)
  6 hounds
  4 orc priests
  4 iguanas
  Terence (D:2)
  9 orc wizards
  8 mummies (Ossuary)
  9 gnolls
  20 adders
  4 river rats (Sewer)
  2 shadow imps (D:7)
  A white imp (D:5)
  An ufetubus (D:6)
  2 worms (D:2)
  The ghost of leafyfresh the Covert, a weakling GnDe (D:4)
  2 dart slugs
  39 orcs
  7 endoplasms
  3 giant cockroaches
  8 hobgoblins
  18 jackals
  12 kobolds
  8 quokkas
  15 ball pythons
  4 bats
  8 frilled lizards
  2 gnoll zombies (Ossuary)
  13 goblins
  3 kobold zombies (Ossuary)
  3 orc zombies (Ossuary)
  18 rats
273 creatures vanquished.

Notes
Turn   | Place    | Note
-------+----------+-------------------------------------------
     0 | D:1      | monsoonserge the Troll Fighter began the quest for the Orb.
     0 | D:1      | Reached XP level 1. HP: 22/22 MP: 0/0
    64 | D:1      | Reached XP level 2. HP: 23/29 MP: 1/1
   164 | D:1      | Reached XP level 3. HP: 29/36 MP: 2/2
   419 | D:1      | You fall into a shaft and drop 1 floor!
   847 | D:2      | Reached skill level 3 in Unarmed Combat
   878 | D:2      | Reached XP level 4. HP: 44/44 MP: 3/3
  1113 | D:2      | Noticed Terence
  1119 | D:2      | Killed Terence
  1216 | D:2      | Reached XP level 5. HP: 51/52 MP: 4/4
  1221 | D:2      | Reached skill level 4 in Unarmed Combat
  1670 | D:3      | Found a glowing drain.
  1720 | Sewer    | Entered a sewer
  1952 | Sewer    | Reached skill level 5 in Unarmed Combat
  2022 | Sewer    | Reached XP level 6. HP: 60/61 MP: 5/5
  3282 | D:4      | Reached skill level 6 in Unarmed Combat
  3403 | D:4      | Reached XP level 7. HP: 55/67 MP: 6/6
  3432 | D:4      | Found a staircase to the Ecumenical Temple.
  3449 | Temple   | Entered the Ecumenical Temple
  3540 | Temple   | Became a worshipper of Ru the Awakened
  3597 | D:4      | Found a runed translucent door.
  3610 | D:4      | Noticed leafyfresh's ghost (weakling GnDe)
  3709 | D:4      | Found a stormy altar of Qazlal.
  3714 | D:4      | Found an ornate altar of the Wu Jian Council.
  3714 | D:4      | Found a hazy altar of Hepliaklqana.
  3714 | D:4      | Found a snail-covered altar of Cheibriados.
  3716 | D:4      | Found a sparkling altar of Nemelex Xobeh.
  3717 | D:4      | Found a shadowy altar of Dithmenos.
  3718 | D:4      | Found a hide-covered altar of Uskayaw.
  3719 | D:4      | Found an iron altar of Okawaru.
  3847 | D:4      | Identified the +3 leather armour "Hexetal" {rPois Dex+2}
  3925 | D:4      | Killed leafyfresh's ghost
  3955 | D:5      | Entered Level 5 of the Dungeon
  4005 | D:5      | Reached skill level 7 in Unarmed Combat
  4185 | D:5      | Reached XP level 8. HP: 75/75 MP: 7/7
  4241 | D:5      | Reached skill level 8 in Unarmed Combat
  4307 | D:5      | Noticed Eustachio
  4336 | D:5      | Killed Eustachio
  4425 | D:5      | Gained mutation: You are slightly weak-willed. (Will-) [Ru
                  | sacrifice]
  4425 | D:5      | Reached * piety under Ru
  4615 | D:5      | Reached skill level 9 in Unarmed Combat
  4852 | D:6      | Found a transporter.
  4855 | D:6      | Noticed jurchenman's ghost (novice DEFE)
  4855 | D:6      | Identified the +6 dire flail of Iconoclasm {holy, rCorr}
  4855 | D:6      | Noticed a two-headed ogre
  5100 | D:6      | Identified the +8 sling "Meum" {drain, rN++ Str-3 Int+4}
  5223 | D:6      | Reached skill level 5 in Shields
  5277 | D:6      | Reached skill level 10 in Unarmed Combat
  5355 | D:6      | Noticed Duvessa
  5356 | D:6      | Noticed Dowan
  5361 | D:6      | Killed Duvessa
  5364 | D:6      | Killed Dowan
  5365 | D:6      | Reached XP level 9. HP: 76/84 MP: 8/8
  5769 | D:7      | Identified the +3 spear of Conscience {freeze, +Blink rN++
                  | Str-3}
  5792 | D:7      | Reached skill level 11 in Unarmed Combat
  5839 | D:7      | Found Hibosaen's Jewellery Shop.
  5868 | D:7      | Found a runed translucent door.
  5873 | D:7      | Noticed ppsocheesy's ghost (novice MiBe)
  6011 | D:7      | Reached skill level 1 in Ranged Weapons
  6330 | D:8      | Found Yghoami's Jewellery Boutique.
  6424 | D:8      | Noticed Maurice
  6452 | D:8      | Gained mutation: You are weak. (Str -2) [Ru sacrifice]
  6452 | D:8      | Reached ** piety under Ru
  6465 | D:8      | Killed Maurice
  6537 | D:8      | Identified the +5 great sword "Zaax" {venom, *Rage rElec
                  | Dex+6}
  6552 | D:8      | Found a staircase to the Lair.
  6777 | D:8      | Found a sand-covered staircase.
  6783 | Ossuary  | Entered an ossuary
  7296 | D:8      | Found Ithyapne's Magic Scroll Emporium.
  7588 | D:9      | Found a runed translucent door.
  7589 | D:9      | Noticed Cheops's ghost (novice AtEE)
  7616 | D:9      | Reached XP level 10. HP: 94/94 MP: 9/9
  7651 | D:9      | HP: 6/141 [killer bee (4)]
  7652 | D:9      | Slain by a killer bee

Illustrated notes

Levels and vault maps discovered:
D:1:      dpeg_arrival_central, layout_basic, st_stairs_2
D:2:      minmay_recursive_quarters, layout_loops_ring, minivault_23,
          uniq_terence
D:3:      layout_basic, portal_sewer_entry_b, reono_crystal_passage,
          minmay_box_of_dots
D:4:      layout_cave_pools, minitemple, minmay_temple_entry_ruins,
          ebering_ghost_sewer_d
D:5:      layout_gridville, uniq_eustachio
D:6:      layout_loops_ring, gammafunk_ghost_smash,
          nicolae_concentric_dashed_squares_mild, minivault_11,
          kennysheep_flooded_box, uniq_duvessa
D:7:      layout_cave_pools, ebering_ghost_reflecting_pool, serial_shops, shop,
          water_boxes_lemuel
D:8:      layout_loops_corners, lair_entry_dummy, nicolae_ossuary_entry_plus,
          serial_shops, nicolae_shop_rolled_up,
          nicolae_shop_tiny_real_fake_doors, st_stairs_12, uniq_maurice
D:9:      layout_stronghold, ebering_ghost_inner_flame,
          chequers_serial_rivers_micro_d, kennysheep_boxes, uniq_psyche,
          uniq_grum, uniq_harold
Temple:   zaba_magenta_temple

Skill      XL: |  1  2  3  4  5  6  7  8  9 |
---------------+----------------------------+-----
Shields        | 3 4 5 |  5.1
Unarmed Combat | 3 5 6 7 10 11 | 11.7
Dodging        | 3 |  3.2
Fighting       | 3 4 |  4.4
Ranged Weapons | 3 |  3.2
Throwing       | |  0.1
Stealth        | |  0.1

Action                     |  1- 3 |  4- 6 |  7- 9 | 10-12 || total
---------------------------+-------+-------+-------+-------++-------
  Melee: Unarmed           |    83 |   265 |   308 |    17 ||   673
   Fire: Sling             |       |     2 |    94 |     6 ||   102
  Throw: Boomerang         |       |       |     8 |       ||     8
 Invoke: Sacrifice Essence |       |       |     1 |       ||     1
         Sacrifice Purity  |       |       |     1 |       ||     1
    Use: Scroll            |       |       |    12 |       ||    12
         Potion            |       |       |     1 |     3 ||     4
 Armour: Robe              |    21 |    76 |    47 |    10 ||   154
  Dodge: Dodged            |    24 |   128 |   104 |    20 ||   276
  Block: Kite shield       |    24 |   121 |   118 |    19 ||   282
